 Dungeon Crawl Stone Soup version 0.25.1-2-g60ff931df9 (webtiles) character file.

Game seed: 5722959034021558183

3850 Peloso the Carver (level 9, 74/78 HPs)
             Began as a Minotaur Fighter on Aug 12, 2020.
             Was a Priest of Okawaru.
             Got out of the dungeon alive.
             The game lasted 00:26:20 (9182 turns).

Peloso the Carver (Minotaur Fighter)                Turns: 9182, Time: 00:26:21

Health: 74/78      AC: 17    Str: 21    XL:     9   Next: 99%
Magic:  9/9        EV:  6    Int:  5    God:    Okawaru [***...]
Gold:   394        SH: 11    Dex: 13    Spells: 8/8 levels left

rFire    . . .     SeeInvis .   a - +2 falchion (holy)
rCold    . . .     Gourm    .   c - +0 kite shield
rNeg     . . .     Faith    .   C - +0 plate armour
rPois    +         Spirit   .   (helmet unavailable)
rElec    .         Reflect  .   u - +2 cloak
rCorr    .         Harm     .   (no gloves)
MR       .....                  (no boots)
Stlth    ..........             (no amulet)
HPRegen  0.23/turn              (no ring)
MPRegen  0.11/turn              g - ring of poison resistance

@: lightly drained
A: retaliatory headbutt, horns 3, talons 1, mutation resistance 1
a: Heroism, Renounce Religion


You escaped.
You worshipped Okawaru.
Okawaru was most pleased with you.
You were very hungry.

You visited 2 branches of the dungeon, and saw 9 of its levels.

You collected 394 gold pieces.

Inventory:

Hand Weapons
 a - a +2 falchion of holy wrath (weapon)
Armour
 c - a +0 kite shield (worn)
 l - a +0 chain mail
 u - a +2 cloak (worn)
 C - a +0 plate armour (worn)
Jewellery
 g - a ring of poison resistance (right hand)
 h - a +4 ring of evasion
 n - an uncursed ring of stealth
Wands
 p - a wand of digging (7)
 z - a wand of clouds (4)
 G - a wand of disintegration (13)
Scrolls
 j - 3 scrolls of identify
 q - 3 scrolls of teleportation
 s - 4 scrolls of fear
 w - 2 scrolls of remove curse
 x - 2 scrolls of magic mapping {unknown}
 y - 2 scrolls of enchant weapon
 A - 3 scrolls of amnesia
 B - 2 scrolls of enchant armour {unknown}
Potions
 b - a potion of lignification
 d - 4 potions of might
 e - a potion of berserk rage
 i - a potion of cancellation {unknown}
 k - a potion of invisibility
 m - a potion of ambrosia
 o - 4 potions of curing
 v - a potion of stabbing {unknown}
 D - a potion of magic
 E - a potion of flight
Comestibles
 f - 16 rations


   Skills:
 + Level 6.9 Fighting
 + Level 10.3(10.2) Long Blades
   Level 4.4 Polearms
 + Level 8.6(8.5) Armour
 + Level 1.7 Dodging
 + Level 1.0 Stealth
 + Level 8.6 Shields
 + Level 0.1 Invocations
 + Level 1.8 Evocations


You had 8 spell levels left.
You didn't know any spells.
Your spell library contained the following spells:

 Spells                   Type           Power        Failure   Level  Hunger
 Animate Skeleton         Necr           N/A          100%        1    ##.....
 Apportation              Tloc           #.....       100%        1    ##.....
 Corona                   Hex            #......      100%        1    ##.....
 Magic Dart               Conj           #...         100%        1    ##.....
 Summon Small Mammal      Summ           #...         100%        1    ##.....
 Blink                    Tloc           N/A          100%        2    ###....
 Call Imp                 Summ           #.......     100%        2    ###....
 Slow                     Hex            #.......     100%        2    ###....
 Conjure Flame            Conj/Fire      #.......     100%        3    ####...
 Mephitic Cloud           Conj/Pois/Air  #.......     100%        3    ####...


Dungeon Overview and Level Annotations

Branches:
Dungeon (8/15)             Temple (1/1) D:4
   Lair: D:8-11

Altars:
Ashenzari
Cheibriados
Fedhas
Gozag
Kikubaaqudgha
Nemelex Xobeh
Okawaru
Sif Muna
Trog
Uskayaw
Vehumet
Xom
Yredelemnul
Zin

Shops:
D:7 (


Innate Abilities, Weirdness & Mutations

You reflexively headbutt those who attack you in melee.
You have a pair of large horns on your head.
You have sharp toenails.
You are somewhat resistant to further mutation.


Message History

There is a stone staircase leading down here.
There is a stone staircase leading up here.
You climb upwards.
There is a stone staircase leading down here.
There is a stone staircase leading up here.
You climb upwards.
There is a stone staircase leading down here.
There is a stone staircase leading up here.
You climb upwards.
There is a stone staircase leading down here.
There is a stone staircase leading down here.
There is a staircase leading out of the dungeon here.
(D) Dungeon (T) Temple
Where to? (Enter - D:1 @ (x,y), ? - help) You're already here!
(D) Dungeon (T) Temple
Where to? (Enter - D:1 @ (x,y), ? - help)
Okay, then.
Are you sure you want to leave the Dungeon?
This will make you lose the game!
You have escaped!

#.# #.###># ###### #.#
#..#'## #.# #.....# #.#
#.....# #.# #.....# #.#
#.....# #.# #.....# #.#
#....># #.# #...@.# #.#
#.....############### #.#
#.##................#
#.###.##...####.#######.#
#...#..(...# #.# #..
###.######## #.# ### #.#
#.# #.# #.##### #.#
#.....###


There were no monsters in sight!

Vanquished Creatures
  A two-headed ogre (D:8)
  A yak (D:7)
  A hungry ghost (D:8)
  2 porcupines (D:8)
  4 sky beasts
  A black bear (D:8)
  3 ogres
  2 centaurs
  5 bullfrogs
  3 scorpions
  A howler monkey (D:6)
  5 crimson imps
  6 electric eels (D:7)
  3 jellies (D:2)
  2 hounds
  6 orc priests
  Crazy Yiuf (D:5)
  An iguana (D:4)
  Ijyb (D:3)
  Terence (D:3)
  A centaur skeleton (D:8)
  8 orc wizards
  A worker ant (D:6)
  3 gnolls (D:5)
  8 adders
  2 shadow imps
  11 oozes
  An adder zombie (D:5)
  4 adder skeletons
  4 worms
  3 dart slugs
  A leopard gecko (D:1)
  24 orcs
  3 bats
  6 giant cockroaches
  6 goblins
  6 hobgoblins
  12 jackals
  14 kobolds
  5 quokkas
  3 ball pythons
  3 frilled lizards
  2 leopard gecko skeletons
  2 rats
  2 fungi (D:2)
185 creatures vanquished.

Vanquished Creatures (others)
  A giant cockroach (D:2)
  3 fungi (D:2)
  7 toadstools (D:2)
11 creatures vanquished.

Grand Total: 196 creatures vanquished

Notes
Turn   | Place    | Note
-------+----------+-------------------------------------------
     0 | D:1      | Peloso the Minotaur Fighter began the quest for the Orb.
     0 | D:1      | Reached XP level 1. HP: 19/19 MP: 0/0
   353 | D:1      | Reached XP level 2. HP: 27/27 MP: 1/1
  1106 | D:2      | Found a radiant altar of Vehumet.
  1173 | D:2      | Reached XP level 3. HP: 33/33 MP: 2/2
  1391 | D:2      | Reached skill level 1 in Polearms
  1579 | D:2      | Reached XP level 4. HP: 28/41 MP: 3/3
  1674 | D:2      | Reached XP level 5. HP: 40/47 MP: 4/4
  2079 | D:2      | Found a shimmering blue altar of Sif Muna.
  2514 | D:3      | Noticed Terence
  2525 | D:3      | Killed Terence
  2525 | D:3      | Reached skill level 3 in Long Blades
  2708 | D:3      | Reached XP level 6. HP: 53/55 MP: 5/5
  2883 | D:3      | Noticed Ijyb
  2886 | D:3      | Killed Ijyb
  3064 | D:3      | Reached skill level 5 in Fighting
  3064 | D:3      | Reached skill level 5 in Armour
  3401 | D:4      | Reached skill level 4 in Long Blades
  3401 | D:4      | Reached skill level 1 in Dodging
  3460 | D:4      | Found a staircase to the Ecumenical Temple.
  3467 | Temple   | Entered the Ecumenical Temple
  3515 | Temple   | Became a worshipper of Warmaster Okawaru
  3557 | D:4      | Reached XP level 7. HP: 44/61 MP: 6/6
  3557 | D:4      | Reached skill level 5 in Shields
  3836 | D:4      | Reached * piety under Okawaru
  4546 | D:5      | Entered Level 5 of the Dungeon
  4578 | D:5      | Reached skill level 5 in Long Blades
  4584 | D:5      | Reached XP level 8. HP: 63/70 MP: 7/7
  4591 | D:5      | Reached skill level 6 in Long Blades
  4789 | D:5      | Found an ancient bone altar of Kikubaaqudgha.
  5133 | D:5      | Found a runed translucent door.
  5134 | D:5      | Noticed Crazy Yiuf
  5414 | D:5      | Reached ** piety under Okawaru
  5414 | D:5      | Reached skill level 7 in Long Blades
  5911 | D:5      | Killed Crazy Yiuf
  6027 | D:6      | Found a glowing silver altar of Zin.
  6030 | D:6      | Noticed an angel
  6033 | D:6      | Found a shimmering altar of Xom.
  6607 | D:6      | Reached skill level 8 in Long Blades
  7288 | D:7      | Reached XP level 9. HP: 78/78 MP: 8/8
  7502 | D:7      | Found Zovoxzath's Weapon Shoppe.
  7547 | D:7      | Reached skill level 9 in Long Blades
  7737 | D:7      | Reached skill level 1 in Evocations
  8440 | D:8      | Noticed a two-headed ogre
  8455 | D:8      | Killed a two-headed ogre
  8455 | D:8      | Reached *** piety under Okawaru
  8465 | D:8      | Reached skill level 10 in Long Blades
  8682 | D:8      | Reached skill level 1 in Stealth
  8929 | D:8      | Gained mutation: You are dopey. (Int -2) [potion of
                  | mutation]
  8929 | D:8      | Gained mutation: Scrolls take you a little longer to read.
                  | [potion of mutation]
  8929 | D:8      | Gained mutation: You have a pair of large horns on your
                  | head. [potion of mutation]
  8929 | D:8      | Gained mutation: Your flesh is cold resistant. (rC+)
                  | [potion of mutation]
  8973 | D:8      | Found a shattered altar of Ashenzari.
  9007 | D:8      | Lost mutation: Scrolls take you a little longer to read.
                  | [potion of mutation]
  9007 | D:8      | Lost mutation: You are dopey. (Int -2) [potion of mutation]
  9007 | D:8      | Lost mutation: You have a pair of large horns on your head.
                  | [potion of mutation]
  9007 | D:8      | Gained mutation: Potions are less effective at restoring
                  | your health. [potion of mutation]
  9007 | D:8      | Gained mutation: You are weak. (Str -2) [potion of
                  | mutation]
  9007 | D:8      | Gained mutation: You have a pair of large horns on your
                  | head. [potion of mutation]
  9007 | D:8      | Gained mutation: You have sharp toenails. [potion of
                  | mutation]
  9008 | D:8      | Lost mutation: You are weak. (Str -2) [potion of mutation]
  9008 | D:8      | Lost mutation: Potions are less effective at restoring your
                  | health. [potion of mutation]
  9008 | D:8      | Lost mutation: Your flesh is cold resistant. (rC+) [potion
                  | of mutation]
  9008 | D:8      | Gained mutation: You are somewhat resistant to further
                  | mutation. [potion of mutation]
  9182 | D:$      | Got out of the dungeon alive.

Illustrated notes

Levels and vault maps discovered:
D:1:      dpeg_arrival_connections, layout_loops_ring
D:2:      cheibrodos_fertilizer, layout_loops_cross, lemuel_doored_altar,
          fiery_altar_vehumet
D:3:      layout_loops_ring, uniq_ijyb, uniq_terence
D:4:      layout_rooms, minmay_temple_entry_ruins
D:5:      layout_loops_corners, kiku_gazebo_pond_becter,
          serial_co_window_serial, co_window_of_opportunity_a,
          co_window_paths_a, co_window_paths_a, co_window_cross_1,
          co_window_paths_a, co_window_corner_a, co_window_paths_c,
          co_window_paths_c, co_window_unsneaky_path_b, co_window_paths_c,
          first_ration, uniq_crazy_yiuf_cottage
D:6:      layout_basic, grunt_temple_overflow_order_and_chaos_1
D:7:      cheibrodos_two_vegetables, layout_loops_cross, serial_shops, shop
D:8:      layout_rooms, old_standard_altar, grunt_lair_entry_orc_guard_hut,
          serial_corexii_hall, corexii_hall_statues_x,
          chequers_hall_statues_wall_a
Temple:   nicolae_temple_elliptical

Skill      XL: |  1  2  3  4  5  6  7  8  9 |
---------------+----------------------------+-----
Armour         | 4 5 6 8 |  8.6
Fighting       | 4 5 6 |  6.9
Polearms       | 2 3 4 |  4.4
Shields        | 4 6 7 8 |  8.6
Long Blades    | 3 4 5 8 10 | 10.3
Dodging        | 1 |  1.7
Evocations     | 1 |  1.8
Stealth        | 1 |  1.0
Invocations    | |  0.1

Action                   |  1- 3 |  4- 6 |  7- 9 || total
-------------------------+-------+-------+-------++-------
Melee: Long sword        |    18 |    87 |   214 ||   319
       Headbutt          |    16 |    41 |    70 ||   127
       Spear             |    74 |    67 |       ||   141
       Falchion          |       |       |   135 ||   135
Invok: Heroism           |       |       |     2 ||     2
Evoke: Wand              |       |     3 |     7 ||    10
  Use: Scroll            |     5 |     5 |     4 ||    14
       Potion            |     1 |       |     7 ||     8
 Stab: Confused          |       |       |     2 ||     2
  Eat: Chunk             |     2 |     7 |    17 ||    26
Armor: Scale mail        |    18 |       |       ||    18
       Chain mail        |    13 |    67 |     8 ||    88
       Plate armour      |       |       |   125 ||   125
       Skin              |       |       |    45 ||    45
Dodge: Dodged            |    46 |    44 |    87 ||   177
Block: Kite shield       |    43 |    66 |   200 ||   309
       Rpst.: Long sword |     2 |    12 |    21 ||    35
       Falchion          |       |       |     5 ||     5
